 Dungeon Crawl Stone Soup version 0.27-a0-1187-ge80a49f48c (webtiles) character file.

Game seed: 13931111254395432148

535288 EldarEldrad the Hoplite (level 25, -1/235 HPs)
             Began as a Minotaur Berserker on May 18, 2021.
             Was the Champion of Trog.
             Killed from afar by an ancient champion (49 damage)
             ... with an iron shot
             ... on level 1 of the Crypt on May 20, 2021.
             The game lasted 05:41:34 (74280 turns).

EldarEldrad the Hoplite (Minotaur Berserker)       Turns: 74280, Time: 05:41:35

Health: -1/235     AC: 45    Str: 30    XL:     25   Next: 9%
Magic:  22/22      EV: 20    Int:  7    God:    Trog [******]
Gold:   116        SH: 33    Dex: 17    Spells: 24/24 levels left

rFire    . . .     SeeInvis .   a - +5 broad axe (flame)
rCold    . . .     Faith    .   D - +2 tower shield {rN+}
rNeg     + + .     Spirit   .   Z - +8 orange crystal plate armour {Archmagi, Int+3 Clar}
rPois    +         Reflect  +   v - +0 hat
rElec    +         Harm     .   L - +2 cloak {rPois}
rCorr    .         Rampage  .   E - +1 pair of gloves {Dex+3}
Will     ++...     Clarity  +   o - +0 pair of boots
Stlth    ..........             w - amulet of reflection
HPRegen  1.49/turn              r - ring of willpower
MPRegen  0.18/turn              d - ring "Ekuesary" {rElec rN+ EV+4}

@: weak-willed, flayed, strong-willed, regenerating
A: horns 2, retaliatory headbutt, clarity, strong-willed 1
}: 2/15 runes: serpentine, barnacled
a: Renounce Religion, Berserk, Trog's Hand, Brothers in Arms


You were on level 1 of the Crypt.
You worshipped Trog.
Trog was exalted by your worship.
You visited 10 branches of the dungeon, and saw 43 of its levels.
You visited the Abyss 1 time.
You also visited: Bailey and Ice Cave.

You collected 5722 gold pieces.
You spent 5606 gold pieces at shops.

Inventory:

Hand Weapons
 a - a +5 broad axe of flaming (weapon)
Armour
 o - a +0 pair of boots (worn)
 v - a +0 hat (worn)
 D - a +2 tower shield of positive energy (worn)
 E - a +1 pair of gloves of dexterity (worn)
 L - a +2 cloak of poison resistance (worn)
 Z - the +8 orange crystal plate armour (worn) {Archmagi, Int+3 Clar}
   (You bought it in a shop on level 2 of the Orcish Mines)

   It affects your intelligence (+3).
   It protects you against confusion.
Jewellery
 d - the ring "Ekuesary" (right hand) {rElec rN+ EV+4}
   (You acquired it on level 10 of the Dungeon)

   [ring of evasion]

   It affects your evasion (+4).
   It insulates you from electricity.
   It protects you from negative energy.
 n - a ring of flight
 r - a ring of willpower (left hand)
 w - an amulet of reflection (around neck)
 A - the amulet of Niduhaby {Acrobat +Blink Dex+4}
   (You found it on level 3 of the Snake Pit)

   [amulet of the acrobat]

   It increases your evasion while moving and waiting.
   It affects your dexterity (+4).
   It lets you blink.
 G - a ring of protection from fire
 P - a ring of willpower
 S - a ring of protection from cold
 X - a ring of resist corrosion
Wands
 b - a wand of flame (130)
 f - a wand of paralysis (40)
 t - a wand of charming (6)
 B - a wand of acid (75)
 J - a wand of polymorph (48)
 K - a wand of iceblast (42)
 M - a wand of digging (4)
 Y - a wand of mindburst (28)
Scrolls
 h - 7 scrolls of blinking
 p - a scroll of holy word
 q - 8 scrolls of fog
 s - 5 scrolls of enchant weapon
 x - 23 scrolls of teleportation
 z - 9 scrolls of fear
 F - 4 scrolls of enchant armour
 N - 3 scrolls of summoning
 Q - 4 scrolls of silence
 R - 5 scrolls of magic mapping
 V - a scroll of brand weapon
Potions
 c - 14 potions of might
 e - 14 potions of haste
 g - a potion of resistance
 i - 9 potions of heal wounds
 j - 10 potions of flight
 l - 8 potions of berserk rage
 m - 19 potions of curing
 u - 11 potions of magic
 y - a potion of invisibility
 H - 6 potions of ambrosia
 I - 8 potions of mutation
 O - 5 potions of cancellation
 U - 6 potions of lignification
Miscellaneous
 C - a lightning rod (4/4)
 T - a box of beasts
 W - a condenser vane


   Skills:
 - Level 21.0 Fighting
 + Level 22.6 Axes
 - Level 5.0 Throwing
 - Level 22.0 Armour
 - Level 20.0 Dodging
 * Level 23.3 Shields
 - Level 15.0 Evocations


You had 24 spell levels left.
You didn't know any spells.
Your spell library was empty.

Dungeon Overview and Level Annotations

Branches:
Dungeon (15/15)            Temple (1/1) D:6            Lair (6/6) D:8
 Shoals (4/4) Lair:3        Snake (4/4) Lair:3        Slime (0/5) Lair:6
    Orc (2/2) D:10            Elf (1/3) Orc:2        Vaults (4/5) D:13
  Crypt (1/3) Vaults:2     Depths (5/5) D:15            Zot (0/5) Depths:5
 Bailey (visited)           IceCv (visited)

Altars:
Ashenzari
Cheibriados
Dithmenos
Elyvilon
Fedhas
Gozag
Hepliaklqana
Kikubaaqudgha
Makhleb
Nemelex Xobeh
Okawaru
Qazlal
Ru
Sif Muna
Trog
Uskayaw
Vehumet
Wu Jian
Xom
Yredelemnul
Zin
The Shining One

Shops:
D:4 *   D:15 ?   Orc:2 [(=[   Elf:1 ?(**   Snake:3 !   Snake:4 ::=(
Vaults:1 (   Vaults:3 ?   Vaults:4 (   Depths:4 *[

Portals:
Hell: Depths:1 Depths:2 Depths:3 Depths:4 Depths:5
Abyss: Depths:1 Depths:3 Depths:4
Pandemonium: Depths:3 Depths:4
Ziggurat: Depths:2
Trove: Depths:5 (show abyssal rune of Zot)

Annotations:
Depths:5 exclusion: obsidian statue


Innate Abilities, Weirdness & Mutations

You have a pair of horns on your head.
You reflexively headbutt those who attack you in melee.
You possess an exceptional clarity of mind.
You are strong-willed. (Will+)


Message History

Trog accepts your kill.
You closely miss the phantasmal warrior.
You hit the freezing wraith but do no damage.
You slash the wraith! You burn the wraith.
You hit the phantasmal warrior but do no damage.
You hit the death knight but do no damage.
You block the phantasmal warrior's attack.
You block the wraith's attack. The phantasmal warrior hits you!!
Your willpower is stripped away!
You slash the octopode zombie! You burn the octopode zombie.
You headbutt the octopode zombie!
The octopode zombie is heavily damaged.
You hit the death knight. You burn the death knight.
You slice the phantasmal warrior!! You burn the phantasmal warrior!
You destroy the phantasmal warrior!
Trog accepts your kill.
You hit the wraith but do no damage.
You hit the freezing wraith but do no damage.
You slash the phantasmal warrior! You burn the phantasmal warrior.
You block the freezing wraith's attack. x2
The ancient champion gestures at you while chanting.
The iron shot hits you!
* * * LOW HITPOINT WARNING * * *
A skeletal warrior comes into view.
It is wielding a +2 dire flail of draining.
The death knight mumbles some strange prayers to Yredelemnul against you.
Your body is wracked with pain!
* * * LOW HITPOINT WARNING * * *
You block the octopode zombie's attack. x2
Blink to where?
Press: ? - help, Dir - move target
As you read the scroll of blinking, it crumbles to dust.
The phantasmal warrior blinks!
Your skin crawls.
You feel strong-willed.
The phantasmal warrior blinks!
The phantasmal warrior blinks!
The phantasmal warrior blinks!
The ancient champion gestures at you while chanting.
The iron shot hits you!!!
You die...

#......#.#
#.W..###.# #...##
#.###
.###..W####...###.#
.......Wz.........#
.#####........#####
#.....ยง#.#
##.W....#.#
..........@.####
..^............#
#####..........#
###...)....#
#####.<.## #####


You could see an ancient champion (fast), a phantasmal warrior, a freezing
wraith and a wraith.

Vanquished Creatures
  Mara (Vaults:3)
  Mennas (Vaults:2)
  2 juggernauts
  Sojobo (Depths:1)
  2 caustic shrikes
  Vashnia (Snake:3)
  Xtahua (Vaults:3)
  2 golden dragons
  A profane servitor (Abyss:2)
  the Enchantress (Depths:1)
  Nikola (Snake:2)
  2 bone dragons (Depths:5)
  4 hellephants
  Jorgrun (Orc:2)
  5 tentacled monstrosities
  3 liches
  5 titans
  7 sphinxes
  2 tentacled starspawn (Abyss:2)
  Kirke (D:12)
  2 shadow dragons
  A kraken (Shoals:1)
  A storm dragon (Depths:4)
  9 nagarajas
  Roxanne (D:15)
  8 tengu reavers
  A revenant (Crypt:1)
  4 iron dragons
  8 frost giants
  11 vault wardens
  3 orc warlords
  3 draconian scorchers (Depths:5)
  2 deep elf sorcerers
  10 fire giants
  Aizul (Snake:4)
  A balrug (Depths:5)
  18 ironbound preservers
  8 spriggan defenders
  A deep elf elementalist (Depths:3)
  Louise (D:15)
  2 reapers (Depths:4)
  29 very ugly things
  A juggernaut skeleton (Depths:4)
  Nessos (D:15)
  23 stone giants
  A deep elf demonologist (Vaults:3)
  6 vampire knights
  A deep elf annihilator (Elf:1)
  2 entropy weavers
  A black draconian (Depths:5)
  3 purple draconians (Depths:5)
  A dire elephant (Vaults:1)
  14 ettins
  8 spark wasps
  4 deep elf death magi
  5 jiangshi
  8 merfolk javelineers
  An eidolon (Vaults:2)
  2 blizzard demons (Abyss:2)
  3 merfolk impalers (Shoals:4)
  11 great orbs of eyes
  5 deep elf high priests
  8 fire dragons
  Josephine (D:11)
  Fannar (D:10)
  7 ironbound thunderhulks
  6 vault guards
  10 boulder beetles
  18 yaktaur captains
  Erolcha (D:12)
  5 rakshasas
  10 ice dragons
  17 naga warriors
  2 merfolk avatars
  7 ogre magi
  2 salamander tyrants (Snake:2)
  A hydra (shapeshifter) (Depths:3)
  A peacekeeper (Vaults:1)
  4 merfolk aquamancers
  10 hydras
  10 spriggan air magi
  3 catoblepae
  A fenstrider witch skeleton (Crypt:1)
  11 anacondas
  5 ironbound frosthearts
  3 death yaks (D:8)
  9 centaur warriors
  4 dancing weapons (Elf:1)
  4 alligator snapping turtles
  2 satyrs (Shoals:3)
  19 two-headed ogres
  5 spriggan berserkers
  5 vampire magi
  10 tengu warriors
  Urug (Lair:4)
  A death knight (D:15)
  14 deep troll shamans
  5 hell hogs
  8 deep troll earth magi
  4 shock serpents
  5 thrashing horrors (Abyss:2)
  9 naga sharpshooters
  3 ironbound beastmasters
  A sun demon (Depths:5)
  10 deep elf knights
  6 hell knights
  A soul eater (Depths:5)
  2 wretched stars (Abyss:2)
  12 iron trolls
  The ghost of miami27 the Covert, a novice SpEn of Dithmenos (D:10)
  4 salamander mystics
  14 skeletal warriors
  2 flayed ghosts (Depths:4)
  A glowing orange brain (Depths:2)
  A sixfirhy (D:9)
  65 deep trolls
  A golden dragon zombie (Depths:4)
  2 orange crystal statues
  An obsidian statue (Snake:3)
  4 deep elf archers (Elf:1)
  23 harpies
  21 sea snakes
  20 ironbound convokers
  3 lindwurms (Vaults:2)
  5 naga ritualists
  9 necromancers
  6 phantasmal warriors
  7 orc knights
  13 wizards
  Pikel (D:8)
  15 deep elf zephyrmancers
  A stone giant zombie (D:15)
  16 salamanders
  10 cyclopes
  10 deep elf pyromancers
  10 mana vipers
  A shadow dragon skeleton (Depths:1)
  51 ugly things
  An oklob plant (Lair:5)
  19 manticores
  15 fauns
  A tengu skeleton (Depths:4)
  A frost giant skeleton (D:15)
  A spriggan zombie (Depths:4)
  Maurice (Orc:1)
  3 centaur zombies
  12 merfolk sirens
  A moth of wrath (D:10)
  30 black mambas
  11 guardian serpents
  2 water nymphs
  4 ice statues
  21 naga magi
  2 smoke demons
  19 vault sentinels
  A torpor snail (shapeshifter) (Depths:1)
  2 gargoyles
  A stone giant skeleton (Depths:1)
  An orange demon (Depths:4)
  An unseen horror (Depths:4)
  2 freezing wraiths
  11 komodo dragons
  An efreet (D:13)
  11 cane toads
  A kobold demonologist (Elf:1)
  34 yaktaurs
  2 ancient zymes (Abyss:2)
  3 tengu conjurers
  5 trolls
  3 rime drakes
  2 guardian mummies (D:15)
  9 ice devils (IceCv)
  2 hellwings
  6 wind drakes
  A queen bee (D:11)
  Grinder (D:4)
  30 merfolk
  7 polar bears
  11 hornets
  8 snapping turtles
  6 raiju (Abyss:2)
  19 blink frogs
  6 dream sheep
  28 slime creatures
  3 flying skulls (Crypt:1)
  2 shadows
  3 redbacks
  2 ynoxinuls (Abyss:2)
  21 spriggans
  20 water elementals
  A spriggan skeleton (D:15)
  2 vampires
  An air elemental (Elf:1)
  8 wraiths
  41 yaks
  Sigmund (D:2)
  3 golden eyes (Abyss:2)
  6 wyverns
  2 fire elementals (Elf:1)
  6 hogs (D:12)
  5 large abominations
  A human (shapeshifter) (Depths:4)
  A golden eye (shapeshifter) (D:15)
  11 basilisks
  3 chaos spawn (Depths:4)
  3 fire bats (Abyss:2)
  A steam dragon (D:8)
  5 vampire mosquitoes
  51 nagas
  2 tengu zombies
  2 wargs (Orc:2)
  An acid dragon (D:10)
  20 water moccasins
  11 orc warriors
  3 black bears (Lair:6)
  9 ice beasts
  A sky beast (D:5)
  39 wolves
  A deep troll simulacrum (Depths:1)
  11 small abominations
  16 centaurs
  35 ogres
  6 boggarts
  4 necrophages
  2 phantoms (D:5)
  3 kobold brigands
  13 bullfrogs
  2 gnoll sergeants (D:10)
  A scorpion (Lair:2)
  2 earth elementals (Elf:1)
  A water moccasin zombie (D:6)
  A cyclops skeleton (Crypt:1)
  3 water moccasin skeletons
  41 killer bees
  5 wights (D:7)
  An electric eel (Lair:6)
  3 howler monkeys (D:8)
  2 bullfrog zombies
  7 starcursed masses (Abyss:2)
  A draconian simulacrum (IceCv)
  3 lava snakes (Lair:3)
  4 bullfrog skeletons
  2 gnoll shamans
  5 hounds
  20 orc priests
  4 centaur skeletons
  An iguana (D:5)
  Natasha (thrice) (D:2)
  21 orc wizards
  4 hell rats (D:8)
  4 troll simulacra (IceCv)
  3 spriggan simulacra (IceCv)
  A centaur simulacrum (IceCv)
  A howler monkey zombie (D:5)
  41 gnolls
  A naga simulacrum (IceCv)
  7 adders
  A howler monkey skeleton (D:4)
  A shadow imp (D:6)
  A white imp (D:6)
  An ufetubus (Abyss:2)
  An adder zombie (D:5)
  A dart slug (D:4)
  89 orcs
  8 ball pythons
  5 bats
  A bat zombie (D:14)
  4 endoplasms
  4 giant cockroaches
  A gnoll zombie (Crypt:1)
  11 goblins
  18 hobgoblins
  11 jackals
  6 quokkas
  A frilled lizard (D:1)
  31 kobolds
  14 rats
  A rat zombie (D:14)
  A butterfly (Lair:5)
  4 starspawn tentacles (Abyss:2)
  3 tentacles (Shoals:1)
2027 creatures vanquished.

Vanquished Creatures (collateral kills)
  Margery (Vaults:3)
  A phantasmal warrior (Vaults:3)
  A necromancer (Vaults:3)
3 creatures vanquished.

Vanquished Creatures (others)
  2 fire giants (Depths:1)
  2 hell hogs (Depths:1)
  2 deep elf knights (Elf:1)
  A wizard (Depths:2)
  2 deep elf zephyrmancers (Elf:1)
  A manticore (Shoals:4)
  A troll (Orc:2)
  A raiju (Abyss:2)
  A human (D:12)
  A small abomination (Abyss:2)
  19 fungi
  169 plants
  6 starspawn tentacles (Abyss:2)
  7 tentacles (Shoals:1)
  10 withered plants (D:15)
225 creatures vanquished.

Grand Total: 2255 creatures vanquished

Notes
Turn   | Place    | Note
-------+----------+-------------------------------------------
     0 | D:1      | EldarEldrad the Minotaur Berserker began the quest for the
                  | Orb.
     0 | D:1      | Reached XP level 1. HP: 19/19 MP: 0/0
    52 | D:1      | Reached XP level 2. HP: 25/27 MP: 1/1
   319 | D:1      | You fall into a shaft and drop 1 floor!
   589 | D:3      | Reached XP level 3. HP: 25/33 MP: 2/2
   730 | D:2      | Reached ** piety under Trog
   836 | D:2      | Reached skill level 5 in Axes
  1381 | D:1      | Found a faded altar of an unknown god.
  1473 | D:2      | Reached XP level 4. HP: 24/41 MP: 3/3
  1868 | D:2      | Noticed Natasha
  1875 | D:2      | Killed Natasha
  2020 | D:2      | Noticed Sigmund
  2025 | D:2      | Killed Sigmund
  2026 | D:2      | Reached skill level 5 in Fighting
  2026 | D:2      | Reached XP level 5. HP: 34/48 MP: 4/4
  2026 | D:2      | Reached XP level 6. HP: 39/56 MP: 5/5
  2415 | D:2      | Noticed Natasha
  2418 | D:2      | Killed Natasha
  2606 | D:2      | Noticed Natasha
  2612 | D:2      | Killed Natasha
  3655 | D:4      | Reached XP level 7. HP: 53/61 MP: 6/6
  3661 | D:4      | Noticed Grinder
  3672 | D:4      | Reached *** piety under Trog
  3796 | D:4      | Paralysed by Grinder for 6 turns
  3810 | D:4      | Killed Grinder
  4074 | D:4      | Reached skill level 10 in Axes
  4121 | D:4      | Reached skill level 5 in Armour
  4153 | D:4      | Reached XP level 8. HP: 63/68 MP: 7/7
  4376 | D:4      | Found Uvubek's Lightly-Used Armoury.
  4505 | D:4      | Identified the +5 mace "Aly Umoh" {vorpal, Int+4}
  4778 | D:5      | Entered Level 5 of the Dungeon
  5486 | D:5      | You are sucked into a shaft and drop 1 floor!
  5980 | D:6      | Reached skill level 1 in Shields
  5989 | D:6      | Reached XP level 9. HP: 74/74 MP: 8/8
  6176 | D:6      | Reached skill level 1 in Evocations
  6196 | D:6      | Reached skill level 2 in Shields
  6205 | D:6      | Reached **** piety under Trog
  6474 | D:6      | Found a staircase to the Ecumenical Temple.
  6502 | Temple   | Entered the Ecumenical Temple
  6979 | D:7      | Reached skill level 3 in Shields
  7078 | D:7      | Found a stormy altar of Qazlal.
  7582 | D:7      | Reached skill level 4 in Shields
  8145 | D:7      | Upgraded the game from 0.27-a0-1182-gee19b5822f to
                  | 0.27-a0-1185-ga233589e6f
  8181 | D:8      | Reached XP level 10. HP: 81/81 MP: 9/9
  8315 | D:8      | Noticed Pikel
  8339 | D:8      | Killed Pikel
  8664 | D:8      | Found a staircase to the Lair.
  8665 | D:8      | Noticed a death yak
  8665 | D:8      | Noticed a death yak
  8683 | D:8      | Noticed a death yak
  8691 | D:8      | Killed a death yak
  8698 | D:8      | Killed a death yak
  8708 | D:8      | Killed a death yak
  8890 | D:8      | Reached skill level 5 in Evocations
  9162 | D:8      | Reached ***** piety under Trog
  9851 | Lair:1   | Entered Level 1 of the Lair of Beasts
 10235 | Lair:1   | Reached skill level 10 in Armour
 10235 | Lair:1   | Reached XP level 11. HP: 88/89 MP: 10/10
 10253 | Lair:1   | Reached skill level 15 in Axes
 11421 | Lair:2   | Noticed a five-headed hydra
 11433 | Lair:2   | Killed a five-headed hydra
 12367 | Lair:3   | Reached skill level 1 in Throwing
 12681 | Lair:3   | Reached skill level 5 in Dodging
 12887 | Lair:3   | Found a staircase to the Snake Pit.
 13041 | Lair:3   | Noticed an orange crystal statue
 13217 | Lair:3   | Reached XP level 12. HP: 99/101 MP: 11/11
 13607 | Lair:3   | Identified the +10 hand axe of the Walnut {vorpal, rN+}
                  | (Trog gifted it to you on level 3 of the Lair of Beasts)
 13607 | Lair:3   | Received a gift from Trog
 14023 | Lair:3   | Found a staircase to the Shoals.
 14230 | Lair:4   | Noticed Urug
 14257 | Lair:4   | Killed Urug
 14258 | Lair:4   | Reached skill level 5 in Throwing
 14819 | Lair:4   | Reached skill level 10 in Dodging
 15218 | Lair:5   | Noticed a catoblepas
 15243 | Lair:5   | Killed a catoblepas
 15392 | Lair:5   | Identified the +0 plate armour "Tetezab" {Contam Rampage
                  | rCorr}
 15603 | Lair:5   | You fall into a shaft and drop 1 floor!
 15603 | Lair:6   | Entered Level 6 of the Lair of Beasts
 15836 | Lair:6   | Noticed a seven-headed hydra
 15849 | Lair:6   | Killed a seven-headed hydra
 16285 | Lair:5   | Reached XP level 13. HP: 111/111 MP: 12/12
 16605 | Lair:5   | Identified the +0 chain mail of the Turtledove {Rampage
                  | Drain rF++ Str-4}
 17209 | Lair:6   | Reached skill level 10 in Fighting
 17798 | Lair:6   | Received a gift from Trog
 18284 | Lair:6   | Identified the ring of Qelip {rF- rC+ Str+2 Int+2}
 18921 | Lair:6   | Found a staircase to the Slime Pits.
 19448 | D:9      | Found a runed translucent door.
 20023 | D:9      | Found a glowing silver altar of Zin.
 20038 | D:9      | Found an ornate altar of the Wu Jian Council.
 20039 | D:9      | Found a basalt altar of Yredelemnul.
 20738 | D:10     | Entered Level 10 of the Dungeon
 20760 | D:10     | Received a gift from Trog
 20763 | D:10     | Found a staircase to the Orcish Mines.
 21008 | D:10     | Noticed Fannar
 21015 | D:10     | Killed Fannar
 21238 | D:10     | Found a flagged portal.
 21247 | Bailey   | Entered a bailey
 21471 | Bailey   | Identified 3 scrolls of acquirement
 21471 | Bailey   | Acquired a ring of poison resistance
 21640 | D:10     | Found a transporter.
 21652 | D:10     | Noticed miami27's ghost (novice SpEn)
 21839 | D:10     | Found a transporter.
 21980 | D:10     | Found an opulent altar of Gozag.
 22035 | D:10     | Found a hide-covered altar of Uskayaw.
 22036 | D:10     | Found a white marble altar of Elyvilon.
 22036 | D:10     | Found a blossoming altar of Fedhas.
 22038 | D:10     | Found a shimmering altar of Xom.
 22058 | D:10     | Acquired a ring of protection from cold
 22061 | D:10     | Acquired the ring "Ekuesary" {rElec rN+ EV+4}
 22129 | Orc:1    | Entered Level 1 of the Orcish Mines
 22197 | Orc:1    | Reached XP level 14. HP: 121/121 MP: 13/13
 22286 | D:10     | Received a gift from Trog
 22309 | D:10     | Killed miami27's ghost
 22322 | D:10     | Identified the ring "Yxtot" {*Corrode Will+ Str+5 Int+6}
 22586 | Orc:1    | Noticed Maurice
 22609 | Orc:1    | Killed Maurice
 22952 | Orc:2    | Entered Level 2 of the Orcish Mines
 22962 | Orc:2    | Noticed Jorgrun
 22989 | Orc:2    | Killed Jorgrun
 23330 | Orc:2    | Found a staircase to the Elven Halls.
 23504 | Orc:2    | Reached skill level 15 in Armour
 24038 | Orc:2    | Paralysed by an ogre mage for 4 turns
 24202 | Orc:2    | Received a gift from Trog
 24472 | Orc:2    | Found Nytof's Jewellery Shoppe.
 24472 | Orc:2    | Found Temp's Armour Shop.
 24473 | Orc:2    | Found Gogadivu's Armour Boutique.
 24473 | Orc:2    | Found Iseosax's Weapon Shoppe.
 24482 | Orc:2    | Bought a throwing net for 42 gold pieces
 24483 | Orc:2    | Bought a +0 cloak for 67 gold pieces
 24961 | D:11     | Found an ornate altar of the Wu Jian Council.
 24984 | D:11     | Found a frozen archway.
 25041 | IceCv    | Entered an ice cave
 25793 | IceCv    | Identified the +2 mace "Beastbane" {vorpal, Int+2}
 26007 | D:11     | Reached XP level 15. HP: 123/126 MP: 14/14
 26052 | D:11     | Reached ****** piety under Trog
 26427 | D:11     | Received a gift from Trog
 26449 | D:11     | Noticed Josephine
 26460 | D:11     | Killed Josephine
 27175 | Orc:2    | Bought the +8 orange crystal plate armour {Archmagi, Int+3
                  | Clar} for 2167 gold pieces
 27175 | Orc:2    | Found the +8 orange crystal plate armour {Archmagi, Int+3
                  | Clar}
 27198 | Orc:2    | Gained mutation: Armour fits poorly on your strangely
                  | shaped body. [mutagenic glow]
 27259 | D:10     | Lost mutation: Armour fits poorly on your strangely shaped
                  | body. [potion of mutation]
 27259 | D:10     | Gained mutation: You are strong-willed. (Will+) [potion of
                  | mutation]
 27259 | D:10     | Gained mutation: You possess an exceptional clarity of
                  | mind. [potion of mutation]
 27413 | Snake:1  | Entered Level 1 of the Snake Pit
 28646 | Snake:2  | Reached skill level 10 in Evocations
 29598 | Snake:2  | Noticed Nikola
 29647 | Snake:2  | Killed Nikola
 29647 | Snake:2  | Received a gift from Trog
 30224 | Snake:3  | Found Ebbyhim's Distillery.
 30240 | Snake:3  | Found a transporter.
 30243 | Snake:3  | Noticed a nagaraja
 30264 | Snake:3  | Bought a potion of heal wounds for 80 gold pieces
 30264 | Snake:3  | Bought a potion of brilliance for 64 gold pieces
 30264 | Snake:3  | Bought a potion of heal wounds for 80 gold pieces
 30634 | Snake:3  | Noticed a nagaraja
 30657 | Snake:3  | Killed a nagaraja
 30937 | Snake:3  | Noticed Vashnia
 30972 | Snake:3  | Reached XP level 16. HP: 82/137 MP: 15/15
 30984 | Snake:3  | Killed Vashnia
 31674 | Snake:3  | Found a transporter.
 32857 | Snake:4  | Entered Level 4 of the Snake Pit
 33136 | Snake:4  | Found Jola's Antique Weapon Shoppe.
 33196 | Snake:4  | Identified the +10 rapier of the Middle {vamp, Int+2 Dex+2}
 33380 | Snake:4  | Found Ackuop's Book Boutique.
 33385 | Snake:4  | Found Upofuh's Jewellery Shoppe.
 33386 | Snake:4  | Found Xiat's Book Boutique.
 33766 | Snake:4  | Found a basalt altar of Yredelemnul.
 33766 | Snake:4  | Noticed Aizul
 33779 | Snake:4  | Killed Aizul
 33779 | Snake:4  | Received a gift from Trog
 34219 | Snake:4  | Reached skill level 5 in Shields
 34522 | Snake:4  | Reached skill level 6 in Shields
 34972 | Snake:4  | Reached XP level 17. HP: 124/146 MP: 16/16
 35012 | Snake:4  | Reached skill level 7 in Shields
 35123 | Snake:3  | Received a gift from Trog
 35836 | Snake:4  | Got a serpentine rune of Zot
 36020 | Snake:3  | Bought 2 potions of flight for 96 gold pieces
 36020 | Snake:3  | Bought a potion of curing for 48 gold pieces
 36283 | D:12     | Reached skill level 8 in Shields
 36292 | D:12     | Noticed Kirke
 36308 | D:12     | Killed Kirke
 36548 | D:12     | Noticed Erolcha
 36560 | D:12     | Killed Erolcha
 37258 | Shoals:1 | Entered Level 1 of the Shoals
 37276 | Shoals:1 | Received a gift from Trog
 37277 | Shoals:1 | Reached skill level 15 in Dodging
 37294 | Shoals:1 | Reached skill level 9 in Shields
 37904 | Shoals:1 | Reached skill level 10 in Shields
 38326 | Shoals:1 | Reached skill level 11 in Shields
 39080 | Shoals:2 | Received a gift from Trog
 39096 | Shoals:2 | Reached skill level 12 in Shields
 40205 | Shoals:3 | Reached skill level 13 in Shields
 40650 | Shoals:3 | Reached XP level 18. HP: 82/154 MP: 17/17
 41319 | Shoals:3 | Acquired a manual of Armour
 41333 | Shoals:4 | Entered Level 4 of the Shoals
 42151 | Shoals:4 | Reached skill level 14 in Shields
 42279 | Shoals:4 | Received a gift from Trog
 42741 | Shoals:4 | Identified the ring "Xudel" {Int+6 Dex+4}
 43429 | Shoals:4 | Got a barnacled rune of Zot
 43846 | Shoals:4 | Reached skill level 15 in Shields
 43855 | Shoals:4 | Identified Ceaga's Handbook of Mutagenic Clay
 46210 | D:13     | Found a gate to the Vaults.
 46279 | D:13     | Received a gift from Trog
 46944 | D:14     | Found an ancient bone altar of Kikubaaqudgha.
 47392 | D:15     | Entered Level 15 of the Dungeon
 47392 | D:15     | Noticed Roxanne
 47595 | D:15     | Found Byshro Zachie's Magic Scroll Shoppe.
 47603 | D:15     | Bought a scroll of silence for 135 gold pieces
 47603 | D:15     | Bought a scroll of teleportation for 54 gold pieces
 47603 | D:15     | Bought a scroll of fear for 63 gold pieces
 47603 | D:15     | Bought a scroll of teleportation for 54 gold pieces
 47621 | D:15     | Noticed Louise
 47695 | D:15     | Killed Louise
 47705 | D:15     | Received a gift from Trog
 47710 | D:15     | Reached XP level 19. HP: 156/163 MP: 18/18
 47944 | D:15     | Found a staircase to the Depths.
 47977 | D:15     | Noticed Nessos
 47984 | D:15     | Killed Nessos
 48439 | D:15     | Identified the +8 chain mail "Xuen" {Harm Str+3 Dex+4}
 48865 | D:15     | Killed Roxanne
 49037 | Elf:1    | Entered Level 1 of the Elven Halls
 49260 | Elf:1    | Reached skill level 15 in Fighting
 49982 | Elf:1    | Identified the +7 dagger "Jacisoekhlu" {flame, Will+}
 50042 | Elf:1    | Identified the +7 great sword of World Downfall {holy,
                  | Fragile rPois rC+}
 50476 | Elf:1    | Found Pamyacw's General Store.
 50480 | Elf:1    | Found Epal's General Store.
 50481 | Elf:1    | Found Wetuludo's Weapon Emporium.
 50484 | Elf:1    | Bought a scroll of teleportation for 33 gold pieces
 50484 | Elf:1    | Bought a scroll of fear for 38 gold pieces
 50485 | Elf:1    | Found Emnesise's Magic Scroll Emporium.
 50488 | Elf:1    | Bought a scroll of blinking for 112 gold pieces
 50488 | Elf:1    | Bought a scroll of fear for 52 gold pieces
 50864 | Vaults:1 | Entered Level 1 of the Vaults
 50953 | Vaults:1 | Identified the +5 glaive "Ryedo" {antimagic, rC+} (Trog
                  | gifted it to you on level 1 of the Vaults)
 50953 | Vaults:1 | Received a gift from Trog
 51052 | Vaults:1 | Found Ushoq's Antique Weapon Emporium.
 51956 | Vaults:1 | Reached XP level 20. HP: 178/178 MP: 19/19
 51991 | Vaults:1 | Received a gift from Trog
 53798 | Vaults:2 | Received a gift from Trog
 54201 | Vaults:2 | Noticed Mennas
 54262 | Vaults:2 | Killed Mennas
 54515 | Vaults:2 | Found a staircase to the Crypt.
 54620 | Vaults:2 | Reached skill level 15 in Evocations
 55777 | Vaults:2 | Upgraded the game from 0.27-a0-1185-ga233589e6f to
                  | 0.27-a0-1187-ge80a49f48c
 55872 | Vaults:3 | Received a gift from Trog
 56152 | Vaults:3 | Reached XP level 21. HP: 154/185 MP: 20/20
 56456 | Vaults:3 | Identified the +9 battleaxe of Trog's Indignation {flame,
                  | rF+ Will+} (Trog gifted it to you on level 3 of the Vaults)
 56456 | Vaults:3 | Received a gift from Trog
 56514 | Vaults:3 | Noticed Xtahua
 56549 | Vaults:3 | Killed Xtahua
 56806 | Vaults:3 | Found a huge runed gate.
 56806 | Vaults:3 | Found a huge runed gate.
 56806 | Vaults:3 | Found a huge runed gate.
 56806 | Vaults:3 | Found a huge runed gate.
 56806 | Vaults:3 | Found a huge runed gate.
 56806 | Vaults:3 | Found a huge runed gate.
 56806 | Vaults:3 | Found a huge runed gate.
 56807 | Vaults:3 | Found a huge runed gate.
 56807 | Vaults:3 | Found a huge runed gate.
 56807 | Vaults:3 | Found a huge runed gate.
 56811 | Vaults:3 | Found a huge runed gate.
 56811 | Vaults:3 | Found a huge runed gate.
 56811 | Vaults:3 | Found a huge runed gate.
 56811 | Vaults:3 | Found a huge runed gate.
 56811 | Vaults:3 | Found a huge runed gate.
 56811 | Vaults:3 | Found a huge runed gate.
 56813 | Vaults:3 | Found a huge runed gate.
 56814 | Vaults:3 | Found a huge runed gate.
 56815 | Vaults:3 | Found a huge runed gate.
 56823 | Vaults:3 | Found a huge runed gate.
 56823 | Vaults:3 | Found a huge runed gate.
 56823 | Vaults:3 | Found a huge runed gate.
 56823 | Vaults:3 | Found a huge runed gate.
 56823 | Vaults:3 | Found a huge runed gate.
 56823 | Vaults:3 | Found a huge runed gate.
 56823 | Vaults:3 | Found a huge runed gate.
 56824 | Vaults:3 | Found a huge runed gate.
 56825 | Vaults:3 | Found a huge runed gate.
 56833 | Vaults:3 | Found a huge runed gate.
 56833 | Vaults:3 | Found a huge runed gate.
 56833 | Vaults:3 | Found a huge runed gate.
 56833 | Vaults:3 | Found a huge runed gate.
 56833 | Vaults:3 | Found a huge runed gate.
 56833 | Vaults:3 | Found a huge runed gate.
 56833 | Vaults:3 | Found a huge runed gate.
 56834 | Vaults:3 | Found a huge runed gate.
 56834 | Vaults:3 | Noticed Mara
 56861 | Vaults:3 | Noticed EldarEldrad's illusion
 56870 | Vaults:3 | Killed Mara
 57357 | Vaults:3 | Noticed Margery
 57392 | Vaults:3 | Killed Margery
 57602 | Vaults:3 | Found Mauqem's Magic Scroll Emporium.
 57624 | Vaults:3 | Bought a scroll of teleportation for 51 gold pieces
 57624 | Vaults:3 | Bought 3 scrolls of blinking for 382 gold pieces
 59790 | Vaults:4 | Received a gift from Trog
 60104 | Vaults:4 | Cast into level 2 of the Abyss (ironbound preserver)
 60591 | Abyss:2  | Noticed a profane servitor
 60616 | Abyss:2  | Killed a profane servitor
 60630 | Vaults:4 | Escaped the Abyss
 60673 | Vaults:4 | Reached XP level 22. HP: 47/203 MP: 21/21
 61363 | Vaults:4 | Found Gaudwy's Antique Weapon Shoppe.
 61570 | Depths:1 | Entered Level 1 of the Depths
 61606 | Depths:1 | Received a gift from Trog
 61753 | Depths:1 | Noticed Sojobo
 61831 | Depths:1 | Killed Sojobo
 63112 | Depths:1 | Received a gift from Trog
 63267 | Depths:1 | Found a one-way gate to the infinite horrors of the Abyss.
 63272 | Depths:1 | Noticed the Enchantress
 63320 | Depths:1 | Killed the Enchantress
 64327 | Depths:1 | Found a gateway to Hell.
 64391 | Depths:1 | Found a hazy altar of Hepliaklqana.
 64486 | Depths:1 | Reached skill level 16 in Shields
 65045 | Depths:2 | Reached skill level 17 in Shields
 65114 | Depths:2 | You fall into a shaft and drop 2 floors!
 65119 | Depths:4 | Found a one-way gate leading to the halls of Pandemonium.
 65297 | Depths:3 | Reached XP level 23. HP: 149/215 MP: 22/22
 65339 | Depths:3 | Received a gift from Trog
 65360 | Depths:3 | Reached skill level 18 in Shields
 65478 | Depths:3 | Identified the +9 great mace "Gadec" {freeze, rF+ Str+2}
 66169 | Depths:3 | Reached skill level 19 in Shields
 66827 | Depths:2 | Noticed a caustic shrike
 66846 | Depths:2 | Noticed a juggernaut
 66861 | Depths:2 | Killed a caustic shrike
 66862 | Depths:2 | Reached skill level 20 in Shields
 66871 | Depths:2 | Killed a juggernaut
 67174 | Depths:2 | Identified the +0 robe "Mickaede" {Harm rElec Str+6 Int-3}
 67432 | Depths:2 | Found a hazy altar of Hepliaklqana.
 67453 | Depths:2 | Found an opulent altar of Gozag.
 67491 | Depths:2 | Found a gateway to a ziggurat.
 68212 | Depths:3 | Received a gift from Trog
 68372 | Depths:3 | Reached skill level 21 in Shields
 68833 | Depths:3 | You fall into a shaft and drop 2 floors!
 68833 | Depths:5 | Entered Level 5 of the Depths
 68854 | Depths:5 | Found a gate to the Realm of Zot.
 69388 | Depths:5 | Reached XP level 24. HP: 226/226 MP: 22/22
 69413 | Depths:5 | Received a gift from Trog
 69519 | Depths:5 | Reached skill level 22 in Shields
 69986 | Depths:4 | Noticed a juggernaut
 70005 | Depths:4 | Killed a juggernaut
 70409 | Depths:4 | Found a sacrificial altar of Ru.
 70470 | Depths:4 | Found the +1 cloak of Starlight {*Dazzle EV+4 Stlth--}
 70533 | Depths:4 | Identified the +0 robe of Atimpud {rElec}
 70581 | Depths:4 | Identified the +6 rapier "Ywuheg" {drain, rC+}
 70698 | Depths:4 | Received a gift from Trog
 71768 | Depths:4 | Found Nankuecs's Antique Armour Shop.
 71774 | Depths:4 | Bought a twisted cloak for 171 gold pieces
 71774 | Depths:4 | Identified the +0 cloak "Yrgheek" {rElec} (You bought it in
                  | a shop on level 4 of the Depths)
 72034 | Depths:4 | Found Ysyvisem's General Store.
 72037 | Depths:4 | Bought a scroll of enchant weapon for 172 gold pieces
 72435 | Depths:5 | Identified the +12 plate armour "Mibodeak" {rN+}
 72565 | Depths:5 | Reached skill level 23 in Shields
 72954 | Depths:5 | Found a portal to a secret trove of treasure.
 73206 | D:15     | Bought a scroll of acquirement for 936 gold pieces
 73206 | D:15     | Acquired 768 gold pieces
 73403 | Orc:2    | Bought a ring of protection from fire for 325 gold pieces
 73610 | Snake:3  | Bought a potion of haste for 160 gold pieces
 73610 | Snake:3  | Bought a potion of might for 64 gold pieces
 73610 | Snake:3  | Bought a potion of haste for 160 gold pieces
 73645 | Snake:3  | Received a gift from Trog
 73646 | Snake:3  | Reached XP level 25. HP: 172/235 MP: 22/22
 73675 | Snake:3  | Identified the amulet of Niduhaby {Acrobat +Blink Dex+4}
 73679 | Snake:3  | Identified the +8 great sword of Dihom {vamp, Fly Will+}
 74158 | Crypt:1  | Entered Level 1 of the Crypt
 74280 | Crypt:1  | Killed from afar by an ancient champion

Illustrated notes

Levels and vault maps discovered:
D:1:      dpeg_arrival_ratfight, layout_rooms,
          shapermc_ecumenical_altar_notcrosses, minmay_pentomino_p2
D:2:      layout_loops_cross, uniq_natasha, uniq_sigmund
D:3:      layout_loops_corners
D:4:      layout_cave_pools, minmay_shop_damaged, nrook_campfire, hex_large,
          uniq_grinder
D:5:      layout_loops_ring, serial_bayou_pond_b, kennysheep_crisscross,
          minmay_fractal_squares_5
D:6:      layout_rooms, minmay_temple_entry_large_hall
D:7:      layout_gridville, grunt_qazlal_sundering, st_stairs_3
D:8:      layout_basic, dpeg_lair_monsters, minmay_tree_intersection,
          nicolae_zen_rock_garden, uniq_pikel
D:9:      cheibrodos_shockbox, layout_basic, gammafunk_temple_overflow_pools,
          lemuel_tele_altar, minivault_16
D:10:     layout_roguey, minitemple, hiddenorc2_lemuel, enter_bailey_8,
          gammafunk_ghost_berserking_beasts, uniq_fannar
D:11:     regret_index_wax_grids, layout_loops_ring,
          portal_ice_cave_entry_ice_beasts, nicolae_wu_jian_immortal_techniques,
          uniq_josephine
D:12:     layout_gridville, nzn_life_drinkers, uniq_erolcha, uniq_kirke
D:13:     layout_big_octagon, lightli_vaults_fourway_checkpoint,
          serial_column_ruins, column_ruins_hut, column_ruins_open_medium,
          column_ruins_open_tiny, column_ruins_columns_corner,
          column_ruins_columns_straight, column_ruins_open_small, drop_trap
D:14:     layout_roguey, lemuel_zombie_altar_kikubaaqudgha
D:15:     gammafunk_depths_entry_grave, layout_irregular_city,
          chequers_serial_rivers_large_b, serial_shops, nicolae_shop_stone,
          uniq_nessos, uniq_roxanne, uniq_louise
Temple:   nicolae_temple_figure_eight
Lair:1:   layout_long_grid, gauntlet_entry_generic,
          nicolae_quartered_pool_medium
Lair:2:   layout_long_grid, lightli_volcano_entry_magma_tube,
          serial_bayou_pond_d
Lair:3:   layout_cave_pods, elwin_shoals_entry_rooms,
          minmay_snake_entry_six_corridors, disabler_island
Lair:4:   layout_big_grid, kennysheep_basilisk_garden,
          infiniplex_staircase_pool, uniq_urug
Lair:5:   layout_roguey, minmay_lair_oklob_items, lemuel_fruit_fields,
          lemuel_fruit_fields
Lair:6:   minmay_lair_end_enchanted_forest, layout_regular_city,
          dpeg_slime_entry_corner, serial_bayou_pond_c,
          infiniplex_staircase_pool_2, grunt_megastairs_3
Shoals:1: layout_shoals
Shoals:2: layout_shoals, centaur_isle
Shoals:3: layout_shoals
Shoals:4: shoals_end_hangedman, layout_shoals, ldierk_geyser
Snake:1:  layout_cave_pods
Snake:2:  layout_misc_corridors, special_room, uniq_nikola
Snake:3:  gammafunk_sealed_arena, layout_cave_town, serial_shops, shop,
          serial_bayou_shore_b, grunt_megastairs_5, uniq_vashnia
Snake:4:  grunt_snake_rune_pools, layout_onion, basic_altar, serial_shops,
          shop_statue, minmay_shop_grove, uniq_aizul
Orc:1:    layout_caves, uniq_maurice
Orc:2:    st_orc_ogre_mass, layout_diamond_mine, nicolae_orc_bridge_out,
          statue_in_the_mist_lemuel, uniq_jorgrun
Elf:1:    layout_loops_cross, hangedman_elf_disciples, minmay_shop_grid_forest,
          minmay_misc_feat_five, nicolae_elf_v_pinch,
          minmay_checkered_concentric_circles
Vaults:1: nicolae_vaults_asterisk, v_pattern_5, v_misc_30, vaults_mumra_lcd,
          st_quartered_hall, nicolae_vaults_border_crossing,
          grunt_vaults_bifocal, nicolae_vaults_network_barrier,
          nicolae_vaults_rhombus_7, hangedman_vaults_nodes, vaults_dpeg_spiral,
          vaults_mumra_hex, v_misc_13, layout_vaults_omnibox, serial_shops,
          nicolae_shop_behind_doors
Vaults:2: hangedman_vaults_pinch, minmay_crypt_entry_simple_walls,
          nicolae_vaults_quartermaster, nicolae_vaults_three_branches,
          vaults_mumra_hexcomb, ontoclasm_vaults_ring_large, v_misc_13,
          layout_vaults_omnigrid, uniq_mennas
Vaults:3: hangedman_vaults_cutoff, dpeg_vaults_monster_box, v_misc_9,
          vaults_door_vault, vaults_dpeg_diagonal, v_misc_11, v_rooms_1,
          vaults_room_corners, ontoclasm_vaults_fault, ontoclasm_vaults_pinch,
          layout_vaults_ring, serial_shops, nicolae_shop_statue_plus,
          uniq_margery, uniq_xtahua, uniq_mara
Vaults:4: ontoclasm_vaults_claustrophobia, hangedman_vaults_stretched_pinwheel,
          v_misc_30, grunt_vaults_focal, vaults_room_fancy_cross,
          ontoclasm_vaults_chip, v_misc_9, v_alt_pattern_6, v_misc_28,
          ontoclasm_vaults_gallery, v_misc_5, nicolae_vaults_diagonal_hallway_8,
          layout_vaults_big_cross, serial_shops, nicolae_shop_overgrown_old_shop
Crypt:1:  layout_misc_corridors, lemuel_upstairs_altar
Depths:1: layout_basic, lemuel_crystal_altar, abyss_entry_small_statue_room,
          grunt_hell_horde, minivault_16, minmay_misc_feat_iff,
          minmay_crystal_room, grunt_decor_mini_mirrors,
          minmay_misc_feat_pillars, minmay_microvault, grunt_megastairs_1,
          serial_bayou_shore_a, uniq_sojobo, uniq_enchantress
Depths:2: minmay_blocking_statues, layout_cave_shapes, enter_ziggurat_b,
          hell_entry, serial_column_ruins, column_ruins_hut,
          column_ruins_open_small, column_ruins_open_small, column_ruins_grid_3,
          column_ruins_corridor_T,
          nicolae_gozag_cash_rules_everything_around_me, minmay_holes,
          worldfamousw_hep_ancestral_shrine
Depths:3: minmay_the_grid_square_5x5_4x4_mashed
          [minmay_the_grid_square_5x5_percent, minmay_the_grid_square_5x5_eight,
          minmay_the_grid_square_5x5_comb, minmay_the_grid_square_5x5_two,
          minmay_the_grid_square_5x5_inner_z,
          minmay_the_grid_square_5x5_prize_monsterx,
          minmay_the_grid_square_5x5_prize_waves, minmay_the_grid_square_5x5_v,
          minmay_the_grid_square_5x5_corner,
          minmay_the_grid_square_5x5_prize_junk,
          minmay_the_grid_square_5x5_prize_deathbox,
          minmay_the_grid_square_5x5_six, minmay_the_grid_square_5x5_fat_x,
          minmay_the_grid_square_5x5_z, minmay_the_grid_square_5x5_three_walls,
          minmay_the_grid_square_5x5_spiral], layout_gridlike,
          hangedman_coc_ice_floe, serial_co_window_serial, co_window_paths_a,
          co_window_corner_a, co_window_paths_b, co_window_paths_a,
          co_window_paths_b, co_window_corner_b, co_window_broadway_b,
          co_window_2corner, co_window_of_opportunity_c, glass_columns_a,
          glass_columns_a, glass_columns_c, glass_columns_a, glass_columns_b,
          grunt_pan_entry_in_and_out, abyss_entry
Depths:4: minmay_central_circle, layout_gridlike, nicolae_ru_path_of_blood,
          serial_shops, kennysheep_mini, shop, rand_demon_pan_entry_8,
          minmay_room_of_horrors, pf_dread_powers_of_hell,
          serial_bayou_lagoon_a, nrook_loot_triangle
Depths:5: evilmike_zot_entry_round, layout_basic, nicolae_trove_entry_isolated,
          hellmouth_1, grunt_decor_arrowhead, hangedman_devilish_allure

Skill      XL: |  1  2  3  4  5  6  7  8  9 10 11 12 13 14 15 16 17 18 19 20 21 22 23 24 |
---------------+-------------------------------------------------------------------------+-----
Axes           | 4 5 7 8 10 11 13 14 15 18 19 20 22 | 22.6
Fighting       | 4 5 8 9 10 11 12 13 15 18 20 21 | 21.0
Armour         | 3 5 7 8 10 12 14 15 16 18 22 | 22.0
Shields        | 1 4 6 13 15 17 21 23 | 23.3
Evocations     | 3 5 6 9 10 13 15 | 15.0
Throwing       | 3 5 |  5.0
Dodging        | 6 11 12 13 15 17 19 20 | 20.0

Action                   |  1- 3 |  4- 6 |  7- 9 | 10-12 | 13-15 | 16-18 | 19-21 | 22-24 | 25-27 || total
-------------------------+-------+-------+-------+-------+-------+-------+-------+-------+-------++-------
Melee: Hand axe          |   100 |    83 |   296 |   624 |  1519 |  2014 |   971 |       |       ||  5607
       Headbutt          |    16 |    19 |    59 |   151 |   404 |   633 |   601 |   614 |    22 ||  2519
       Mace              |       |       |    16 |    13 |    20 |    29 |       |       |       ||    78
       Broad axe         |       |       |       |       |       |       |   883 |  1773 |    72 ||  2728
Invok: Berserk           |     1 |     2 |     8 |     7 |     6 |     3 |     2 |     1 |       ||    30
       Trog's Hand       |       |     2 |     1 |     4 |    13 |    11 |    18 |    13 |     1 ||    63
       Brothers in Arms  |       |       |       |       |       |       |     3 |       |       ||     3
Evoke: Wand              |       |       |       |       |     4 |     1 |     6 |     2 |       ||    13
       Lightning rod     |       |       |       |       |       |       |       |     7 |       ||     7
  Use: Scroll            |       |       |       |     8 |    19 |     6 |     6 |     2 |     1 ||    42
       Potion            |       |       |       |       |     2 |     1 |     3 |       |       ||     6
 Stab: Petrified         |       |       |       |       |     3 |       |       |       |       ||     3
       Paralysed         |       |       |       |       |     1 |       |       |       |       ||     1
       Distracted        |       |       |       |       |       |       |     3 |       |       ||     3
Armor: Animal skin       |    16 |     4 |       |       |       |       |       |       |       ||    20
       Ring mail         |       |     7 |    42 |       |       |       |       |       |       ||    49
       Scale mail        |       |       |    16 |    12 |       |       |       |       |       ||    28
       Chain mail        |       |       |       |    33 |       |       |       |       |       ||    33
       Plate armour      |       |       |       |   124 |   286 |       |       |       |       ||   410
       Crystal plate arm |       |       |       |       |   137 |   715 |   436 |   479 |    27 ||  1794
Dodge: Dodged            |    63 |    45 |    93 |   128 |   407 |   726 |   526 |   613 |    36 ||  2637
Block: Other             |       |       |    10 |       |       |       |       |       |       ||    10
       Reflection        |       |       |     1 |     3 |    27 |   133 |    80 |    38 |     1 ||   283
       Buckler           |       |       |    20 |   167 |   414 |   523 |       |       |       ||  1124
       Kite shield       |       |       |       |       |       |   608 |  1118 |  1455 |    16 ||  3197
       Tower shield      |       |       |       |       |       |       |       |       |    79 ||    79

Table legend: (Time is in decaauts)
 A = Elapsed time spent in this place.
 B = Non-inter-level travel time spent in this place.
 C = Inter-level travel time spent in this place.
 D = Time resting spent in this place.
 E = Time spent auto-exploring this place.
 F = Levels seen in this place.
 G = Mean time per level.
                   A        B        C        D        E       F      G
               +--------+--------+--------+--------+--------+-----+--------+
         Total |  72185 |  67226 |   4959 |  19911 |  31836 |  46 | 1569.2 |
       Dungeon |  19017 |  16573 |   2444 |   2947 |   9921 |  15 | 1267.8 |
        Temple |    214 |    204 |     10 |      0 |    203 |   1 |  214.0 |
          Lair |   9944 |   9098 |    846 |   2564 |   5089 |   6 | 1657.3 |
        Shoals |   8096 |   7876 |    220 |   2242 |   3993 |   4 | 2024.0 |
     Snake Pit |   8655 |   8305 |    350 |   3846 |   2465 |   4 | 2163.8 |
  Orcish Mines |   2555 |   2226 |    329 |    707 |    913 |   2 | 1277.5 |
   Elven Halls |   1606 |   1574 |     32 |    484 |    633 |   1 | 1606.0 |
        Vaults |   9417 |   9058 |    359 |   3432 |   3445 |   4 | 2354.2 |
         Crypt |    107 |    107 |      0 |      0 |     44 |   1 |  107.0 |
        Depths |  11118 |  10753 |    365 |   3232 |   4870 |   5 | 2223.6 |
         Abyss |    488 |    488 |      0 |     48 |    201 |   1 |  488.0 |
        Bailey |    210 |    210 |      0 |      0 |      8 |   1 |  210.0 |
      Ice Cave |    753 |    753 |      0 |    407 |     49 |   1 |  753.0 |
               +--------+--------+--------+--------+--------+-----+--------+

Top non-repeatable levels by time:
Vaults:3: 3415 daAuts
 Snake:3: 3257 daAuts
Depths:1: 3155 daAuts
Shoals:4: 2823 daAuts
 Snake:4: 2771 daAuts
  Lair:6: 2562 daAuts
Depths:3: 2419 daAuts
Vaults:1: 2301 daAuts
  Lair:3: 2131 daAuts
Vaults:2: 2104 daAuts
     D:8: 2002 daAuts
Shoals:3: 1976 daAuts
Depths:2: 1936 daAuts
Depths:4: 1880 daAuts
Shoals:1: 1868 daAuts
